 Dungeon Crawl Stone Soup version 0.29.1-12-g30fa7ad0bf (webtiles) character file.

Game seed: 7454422169480871655

367 workcheese the Chopper (level 6, -7/56 HPs)
             Began as a Minotaur Berserker on Dec 12, 2022.
             Was a Priest of Trog.
             Splashed by a jelly's acid (8 damage)
             ... on level 4 of the Dungeon.
             The game lasted 00:09:58 (3152 turns).

workcheese the Chopper (Minotaur Berserker)         Turns: 3152, Time: 00:09:59

Health: -7/56      AC:  2    Str: 24    XL:     6   Next: 41%
Magic:  5/5        EV: 10    Int:  4    God:    Trog [***...]
Gold:   203        SH:  0    Dex:  9    Spells: 5/5 levels left

rFire   . . .      SeeInvis .   w - +0 war axe
rCold   . . .      Faith    .   (no shield)
rNeg    . . .      Spirit   .   t - +4 scale mail
rPois   .          Reflect  .   x - +0 hat {Stlth+}
rElec   .          Harm     .   n - +2 cloak
rCorr   .          Rampage  .   (no gloves)
Will    .....                   (no boots)
Stlth   +.........              (no amulet)
HPRegen 0.18/turn               (no ring)
MPRegen 0.09/turn               (no ring)

@: mighty, corroded, on berserk cooldown, slowed, invisible, very slow
A: horns 2, retaliatory headbutt
a: Renounce Religion, Berserk, Trog's Hand


You were on level 4 of the Dungeon.
You worshipped Trog.
Trog was most pleased with you.
You visited 1 branch of the dungeon, and saw 4 of its levels.

You collected 203 gold pieces.

Inventory:

Hand Weapons
 a - a +0 hand axe
 w - a +0 war axe (weapon)
Missiles
 h - 45 stones (quivered)
Armour
 b - a +0 animal skin
 m - a +0 scale mail
 n - a +2 cloak (worn)
 t - a +4 scale mail (worn)
 x - a +0 hat of stealth (worn)
Scrolls
 c - 2 scrolls of teleportation {unknown}
 d - 2 scrolls of fear
 f - 2 scrolls of amnesia {unknown}
 g - 2 scrolls of summoning {unknown}
 j - 2 scrolls of silence {unknown}
 s - 2 scrolls of noise {unknown}
 v - a scroll of magic mapping {unknown}
Potions
 e - 2 potions of attraction
 k - a potion of curing
 l - a potion of cancellation
 o - a potion of degeneration {unknown}
 p - a potion of berserk rage {unknown}
 q - a potion of might
 r - a potion of flight {unknown}
 u - 2 potions of mutation
 z - a potion of ambrosia {unknown}


   Skills:
 + Level 5.3 Fighting
 + Level 6.5 Axes
 + Level 3.5 Armour
 + Level 3.3 Dodging
 + Level 0.8 Stealth


You had 5 spell levels left.
You didn't know any spells.
Your spell library was empty.

Dungeon Overview and Level Annotations

Branches:
Dungeon (4/15)
 Temple: D:4-7

Altars:


Innate Abilities, Weirdness & Mutations

You have a pair of horns on your head.
You reflexively headbutt those who attack you in melee.


Message History

Your headbutt misses the jelly. The jelly hits you but does no damage.
The jelly closely misses you. You furiously retaliate!
You headbutt the jelly. You hit the jelly. The acid corrodes you!
Your hands burn!
The jelly is lightly wounded.
The jelly misses you. You furiously retaliate!
You headbutt the jelly. The jelly hits you but does no damage.
You hit the jelly. The acid corrodes you!
Your hands burn!
The jelly is moderately wounded.
The jelly hits you. The acid corrodes you!
You are splashed with acid!
* * * LOW HITPOINT WARNING * * *
You feel better. The jelly barely misses you.
The jelly hits you but does no damage.
You hit the jelly.
Your hands burn!
The jelly is moderately wounded.
The jelly hits you but does no damage. The jelly hits you.
You are splashed with acid.
* * * LOW HITPOINT WARNING * * *
You feel better. The jelly hits you.
You are splashed with acid!
* * * LOW HITPOINT WARNING * * *
You hit the jelly but do no damage.
Your hands burn!
* * * LOW HITPOINT WARNING * * *
You headbutt the jelly, but do no damage.
The jelly is moderately wounded.
The jelly closely misses you. The jelly barely misses you.
Okay, then.
You fade into invisibility!
The jelly barely misses you. You furiously retaliate!
You headbutt the jelly, but do no damage.
The jelly hits you.
* * * LOW HITPOINT WARNING * * *
The acid corrodes you!
You are splashed with acid.
* * * LOW HITPOINT WARNING * * *
Things that are here:
a +0 club; a +0 dagger; an orc corpse It was a potion of might.
You feel very mighty all of a sudden. The jelly hits you.
* * * LOW HITPOINT WARNING * * *
You are splashed with acid!
You die...

# #..###.# #..
....#.#.#.#...##.# #..
.....#.#.#......# #..
....#!#.#..##..###.# #
#...#.#.#..###.....#
##.##...#.#.#..# #.##...
........#.#.#..# #.##...
........#.#.#..# #.##...
(......@#......# #.###..
.......)J.#....###.###.#
#.###..##.#............#
.....##.#............#
.......................#
..###...#.#..##.........
. ... #...............
.#.. ###.###.........
.... #.............


You could see a jelly.

Vanquished Creatures
  Sigmund (D:2)
  An orc priest (D:4)
  2 orc wizards (D:4)
  Robin (D:2)
  4 adders
  A worm (D:2)
  4 dart slugs (D:1)
  3 orcs
  6 ball pythons
  3 bats
  7 endoplasms
  3 giant cockroaches
  18 goblins
  5 hobgoblins
  4 quokkas
  7 frilled lizards (D:1)
  7 kobolds
  3 rats
80 creatures vanquished.

Notes
Turn   | Place    | Note
-------+----------+-------------------------------------------
     0 | D:1      | workcheese the Minotaur Berserker began the quest for the
                  | Orb.
     0 | D:1      | Reached XP level 1. HP: 19/19 MP: 0/0
   233 | D:1      | Reached skill level 4 in Axes
   233 | D:1      | Reached XP level 2. HP: 24/27 MP: 1/1
   483 | D:1      | Reached XP level 3. HP: 29/33 MP: 2/2
   669 | D:1      | Reached ** piety under Trog
  1121 | D:2      | Noticed Sigmund
  1128 | D:2      | Killed Sigmund
  1129 | D:2      | Reached skill level 5 in Axes
  1129 | D:2      | Reached XP level 4. HP: 41/41 MP: 3/3
  1129 | D:2      | Reached XP level 5. HP: 47/47 MP: 4/4
  1182 | D:2      | Identified the +1 dagger "Hakhlayst" {vorpal, rPois rN+
                  | Will- Dex+3}
  1185 | D:2      | Found a faded altar of an unknown god.
  1210 | D:2      | Reached skill level 5 in Fighting
  1249 | D:2      | Noticed Robin
  1258 | D:2      | Killed Robin
  1882 | D:3      | Reached skill level 6 in Axes
  2150 | D:3      | Reached XP level 6. HP: 56/56 MP: 5/5
  3128 | D:4      | Reached *** piety under Trog
  3151 | D:4      | HP: 2/56 [acid (6)]
  3152 | D:4      | Splashed by a jelly's acid

Illustrated notes

Levels and vault maps discovered:
D:1:      dpeg_arrival_connections, layout_loops_ring, chequers_garden
D:2:      minmay_angry_zag, layout_basic,
          shapermc_ecumenical_altar_starsandcircs, uniq_sigmund, uniq_robin
D:3:      layout_loops_ring
D:4:      layout_basic, minmay_misc_feat_x

Skill      XL: |  1  2  3  4  5 |
---------------+----------------+-----
Axes           | 4 5 6 |  6.5
Fighting       | 4 5 |  5.3
Armour         | 3 |  3.5
Dodging        | 3 |  3.3
Stealth        | |  0.8

Action                   |  1- 3 |  4- 6 || total
-------------------------+-------+-------++-------
Melee: Hand axe          |    53 |    68 ||   121
       Headbutt          |    13 |    10 ||    23
       War axe           |       |    36 ||    36
Invok: Berserk           |     1 |     2 ||     3
  Use: Scroll            |       |     6 ||     6
       Potion            |       |     4 ||     4
 Stab: Sleeping          |     1 |       ||     1
Armor: Animal skin       |     6 |       ||     6
       Scale mail        |       |    63 ||    63
Dodge: Dodged            |    30 |    48 ||    78
